 Dungeon Crawl Stone Soup version 0.26.1-11-gd32895ea62 (webtiles) character file.

Game seed: 14492171060034161780

58 Zeld the Twirler (level 4, -5/29 HPs)
             Began as an Octopode Gladiator on May 23, 2021.
             Slain by Terence
             ... wielding a +1 falchion of electrocution
              (17 damage)
             ... on level 2 of the Dungeon.
             The game lasted 00:01:58 (1894 turns).

Zeld the Twirler (Octopode Gladiator)               Turns: 1894, Time: 00:02:01

Health: -5/29      AC:  1    Str: 14    XL:     4   Next: 2%
Magic:  4/4        EV: 14    Int: 10    God:
Gold:   101        SH:  0    Dex: 13    Spells: 3/3 levels left

rFire    . . .     SeeInvis .   a - +0 quarterstaff
rCold    . . .     Faith    .   (shield currently unavailable)
rNeg     . . .     Spirit   .   b - +0 hat
rPois    .         Reflect  .   (no amulet)
rElec    .         Harm     .   (no ring)
rCorr    .         Rampage  .   (no ring)
Will     .....                  (no ring)
Stlth    ++........             (no ring)
HPRegen  0.09/turn              (no ring)
MPRegen  0.09/turn              (no ring)
                                (no ring)
                                (no ring)

@: no status effects
A: almost no armour, stealthy swim, amphibious, 8 rings, constrict 8, camouflage
1, gelatinous body 1
a: no special abilities


You were on level 2 of the Dungeon.
You visited 1 branch of the dungeon, and saw 2 of its levels.

You collected 101 gold pieces.

Inventory:

Hand Weapons
 a - a +0 quarterstaff (weapon)
Missiles
 c - 3 throwing nets
 m - 17 poisoned darts
Armour
 b - a +0 hat (worn)
Jewellery
 p - an uncursed ring of stealth {unknown}
Scrolls
 e - a scroll of enchant armour {unknown}
 h - a scroll of amnesia {unknown}
 j - 3 scrolls of identify {unknown}
 o - 2 scrolls of remove curse {unknown}
 q - a scroll of immolation {unknown}
Potions
 d - 3 potions of attraction {unknown}
 f - a potion of lignification {unknown}
 g - 2 potions of degeneration {unknown}
 i - a potion of invisibility {unknown}
 k - a potion of brilliance {unknown}
 l - a potion of curing {unknown}
 n - a potion of cancellation {unknown}
 r - a potion of flight {unknown}


   Skills:
 - Level 2.0 Fighting
 * Level 4.8 Staves
 - Level 2.0 Throwing
 - Level 3.0 Dodging


You had 3 spell levels left.
You didn't know any spells.
Your spell library was empty.

Dungeon Overview and Level Annotations

Branches:
Dungeon (2/15)

Altars:
Qazlal

Annotations:
D:2 Terence


Innate Abilities, Weirdness & Mutations

You cannot wear most types of armour.
You are very stealthy in the water. (Stealth+)
You are amphibious.
You can wear up to eight rings at the same time.
You can use your tentacles to constrict eight enemies at once.
Your skin changes colour to match your surroundings (Stealth+).
Your rubbery body absorbs attacks. (AC +1, EV +1)


Message History

You kill the giant cockroach!
Terence hits you with a +1 falchion of electrocution.
You barely miss Terence. You grab Terence.
You constrict Terence, but do no damage.
Terence misses you.
You sock Terence!
Terence is heavily wounded.
You constrict Terence.
Terence hits you with a +1 falchion of electrocution.
You completely miss Terence. You squeeze Terence, but do no damage.
Terence is heavily wounded.
You constrict Terence, but do no damage.
Terence drinks a potion.
Terence seems to grow stronger.
You hit Terence but do no damage. You squeeze Terence, but do no damage.
Terence is heavily wounded.
You constrict Terence, but do no damage.
Terence hits you with a +1 falchion of electrocution!
You are electrocuted!
Ouch! That really hurt!
You die...

.........####.####....#
#.#####...............#
......#.###.#.........#
#.#.#.#.#........######
.....##.........†##
.#.#########......#
..†..# .........#
#.#.## ##.......# ...##
.......@.# .#..#
###...<)@# ...##
#......# #.##
.......... ..(#
........... #.##
............ #.#
........###.# #†#
......... .# #.#
..............


You could see Terence (strong).

Vanquished Creatures
  2 adders (D:2)
  2 dart slugs
  6 bats
  2 giant cockroaches
  7 hobgoblins
  2 jackals (D:1)
  4 kobolds
  2 frilled lizards
  3 goblins
  6 rats
36 creatures vanquished.

Notes
Turn   | Place    | Note
-------+----------+-------------------------------------------
     0 | D:1      | Zeld the Octopode Gladiator began the quest for the Orb.
     0 | D:1      | Reached XP level 1. HP: 14/14 MP: 1/1
   260 | D:1      | Reached XP level 2. HP: 15/19 MP: 2/2
  1183 | D:1      | Reached skill level 4 in Staves
  1296 | D:1      | Reached XP level 3. HP: 22/24 MP: 3/3
  1854 | D:2      | Found a stormy altar of Qazlal.
  1884 | D:2      | Noticed Terence
  1888 | D:2      | Reached XP level 4. HP: 29/29 MP: 4/4
  1894 | D:2      | Slain by Terence

Illustrated notes

Levels and vault maps discovered:
D:1:      lightli_arrival_quake, layout_loops_corners
D:2:      minmay_spotlight, layout_basic, old_standard_altar, uniq_terence

Skill      XL: |  1  2 |
---------------+-------+-----
Staves         | 4 |  4.8
Fighting       | |  2.0
Throwing       | |  2.0
Dodging        | |  3.0

Action                   |  1- 3 |  4- 6 || total
-------------------------+-------+-------++-------
Melee: Quarterstaff      |    67 |     7 ||    74
       Constrict         |    12 |     2 ||    14
       Tentacles         |     3 |     2 ||     5
 Stab: Sleeping          |     8 |       ||     8
Armor: Skin              |     7 |       ||     7
Dodge: Dodged            |    50 |     3 ||    53
